 Dungeon Crawl Stone Soup version 0.31.0-11-ge490571c62 (webtiles) character file.

Game seed: 18128304688417909922

109 dialectric the Trooper (level 4, 0/29 HPs)
             Began as a Gargoyle Fighter on Jan 31, 2024.
             Incinerated by a bombardier beetle (5 damage)
             ... with a burning spray
             ... on level 3 of the Dungeon.
             The game lasted 00:02:05 (1659 turns).

dialectric the Trooper (Gargoyle Fighter)           Turns: 1659, Time: 00:02:05

Health: 0/29       AC: 13    Str: 22    XL:     4   Next: 89%
Magic:  4/4        EV:  8    Int:  8    God:
Gold:   126        SH:  0    Dex:  9    Spells: 3/3 levels left

rFire   . . .        a - +0 flail
rCold   . . .        (no shield)
rNeg    + . .        h - +0 chain mail
rPois   ∞            (no helmet)
rElec   +            (no cloak)
rCorr   .            (no gloves)
SInv    .            (no boots)
Will    .....        (no amulet) Stlth
                     (no ring)
HPRegen 0.24/turn    (no ring)
MPRegen 0.09/turn

%: no passive effects
@: on fire, glowing
A: sickness immunity, AC +3, negative energy resistance 1, electricity
resistance, torment resistance 1, petrification resistance
a: no special abilities


You were on level 3 of the Dungeon.
You visited 1 branch of the dungeon, and saw 3 of its levels.

You collected 126 gold pieces.

Inventory:

Hand Weapons
 a - a +0 flail (weapon)
Armour
 b - a +0 scale mail
 c - a +0 buckler
 h - a +0 chain mail (worn)
Jewellery
 m - a ring of protection from cold
 n - a ring of protection from cold
Scrolls
 f - a scroll of blinking {unknown}
 i - a scroll of teleportation {unknown}
 j - a scroll of poison {unknown}
 k - a scroll of amnesia {unknown}
 o - a scroll of vulnerability {unknown}
Potions
 d - a potion of might
 e - 2 potions of curing
 g - a potion of lignification {unknown}
 l - 3 potions of mutation {unknown}
 p - a potion of attraction {unknown}


   Skills:
 + Level 4.1 Fighting
 + Level 3.4 Maces & Flails
 + Level 4.0 Armour
 - Level 1.0 Dodging
 - Level 3.2 Shields


You had 3 spell levels left.
You didn't know any spells.
Your spell library contained the following spells:

 Spells                   Type           Power      Damage    Failure   Level
 Freeze                   Ice            0%         1d3       95%         1
 Scorch                   Fire           0%         2d5       99%         2
 Frozen Ramparts          Ice            0%         1d1       100%        3
 Hailstorm                Conj/Ice       0%         3d5       100%        3
 Flame Wave               Conj/Fire      0%         2d4       100%        4
 Petrify                  Alch/Erth      0%         N/A       100%        4
 Irradiate                Conj/Alch      0%         3d11      100%        5
 Summon Cactus Giant      Summ           0%         N/A       100%        6
 Sublimation of Blood     Necr           Unusable   N/A       N/A         2

Dungeon Overview and Level Annotations

Branches:
Dungeon (3/15)

Altars:

Shops:
D:1 !


Innate Abilities, Weirdness & Mutations

You are immune to sickness and miasma.
Your stone body is resilient. (AC +3)
You are immune to poison.
You resist negative energy. (rN+)
You are resistant to electric shocks. (rElec)
You are resistant to unholy torment.
You are immune to petrification.


Message History

The bombardier beetle is lightly wounded.
The bombardier beetle sprays incendiary fluid at you.
The burning spray hits you.
You are covered in liquid fire!
You hit the bombardier beetle but do no damage.
The bombardier beetle is lightly wounded.
The liquid fire burns you!
The bombardier beetle bites you but does no damage.
You sock the bombardier beetle!
The bombardier beetle is severely wounded.
The liquid fire burns you! The frilled lizard closely misses you.
The bombardier beetle bites you but does no damage.
You barely miss the bombardier beetle.
The bombardier beetle is severely wounded.
The liquid fire burns you!
The frilled lizard completely misses you.
The frilled lizard bites you but does no damage.
You are too injured to fight recklessly!
You sock the bombardier beetle!
You kill the bombardier beetle!
The liquid fire burns you!
* * * LOW HITPOINT WARNING * * *
The frilled lizard bites you.
* * * LOW HITPOINT WARNING * * *
Your Armour skill increases to level 4!
It was a potion of curing.
You feel better. The liquid fire burns you!
The frilled lizard bites you but does no damage.
You closely miss the frilled lizard. The liquid fire burns you!
* * * LOW HITPOINT WARNING * * *
The frilled lizard bites you but does no damage.
You sock the frilled lizard!
You kill the frilled lizard!
The liquid fire burns you!
* * * LOW HITPOINT WARNING * * *
You shake off some of the fire as you move.
The liquid fire burns you!
You die...

............#
............#
#...........#
#...........+
#...........############
#...†..................#
#......................#
#####.######.?.......?.#
####..# #....@......#
......######....†......#
##).....................
...#..######...........#
...#..# #############
.#.#..# ......# ##.#.##
##.#.#


There were no monsters in sight!

Vanquished Creatures
  A bombardier beetle (D:3)
  3 adders (D:2)
  2 ribbon worms (D:2)
  A dart slug (D:1)
  2 bats (D:3)
  2 endoplasms
  A giant cockroach (D:1)
  2 goblins (D:2)
  A hobgoblin (D:1)
  5 jackals
  10 kobolds
  A quokka (D:2)
  9 ball pythons
  3 frilled lizards
  4 rats (D:1)
47 creatures vanquished.

Notes
Turn   | Place    | Note
-------+----------+-------------------------------------------
     0 | D:1      | dialectric the Gargoyle Fighter began the quest for the
                  | Orb.
     0 | D:1      | Reached XP level 1. HP: 14/14 MP: 1/1
   200 | D:1      | Reached XP level 2. HP: 12/19 MP: 2/2
   554 | D:1      | Found Hoqitumi's Distillery.
   609 | D:1      | Reached XP level 3. HP: 22/23 MP: 3/3
   674 | D:2      | Reached skill level 1 in Dodging
   887 | D:2      | Reached XP level 4. HP: 29/29 MP: 4/4
  1659 | D:3      | Incinerated by a bombardier beetle

Illustrated notes

Levels and vault maps discovered:
D:1:      lemuel_arrival_cross, layout_loops_ring, serial_shops,
          nicolae_shop_pleasant_corner_grove, minivault_11
D:2:      layout_loops_corners, serial_bayou_lagoon_b
D:3:      layout_basic, patterned_corridor, uniq_natasha

Skill      XL: |  1  2  3  4 |
---------------+-------------+-----
Dodging        | 1 |  1.0
Maces & Flails | 3 |  3.4
Fighting       | 4 |  4.1
Armour         | 4 |  4.0
Shields        | |  3.2

Action                     |  1- 3 |  4- 6 || total
---------------------------+-------+-------++-------
  Melee: Flail             |   148 |    32 ||   180
         Punch             |     1 |     1 ||     2
    Use: Potion            |       |     1 ||     1
 Armour: Scale mail        |    62 |       ||    62
         Chain mail        |    66 |    29 ||    95
  Dodge: Dodged            |    88 |    11 ||    99
